 Dungeon Crawl Stone Soup version 0.20-a0-960-ge493e74 (webtiles) character file.

1759 Iskender the Spear-Bearer (level 8, -18/58 HPs)
             Began as a Mummy Chaos Knight on Apr 7, 2017.
             Demolished by an orc warrior
             ... wielding a +0 battleaxe
              (32 damage)
             ... on level 6 of the Dungeon.
             The game lasted 00:34:45 (5768 turns).

Iskender the Spear-Bearer (Mummy Chaos Knight)      Turns: 5768, Time: 00:34:46

Health: -18/58     AC:  7    Str: 15    XL:     8   Next: 79%
Magic:  8/8        EV: 11    Int: 11    God:    Xom [..*...]
Gold:   318        SH:  0    Dex: 17    Spells: 7/7 levels left

rFire    x . .     SeeInvis .   a - +0 spear (chaos)
rCold    + . .     Gourm    .   (no shield)
rNeg     + + +     Faith    +   v - +3 leather armour
rPois    ∞         Spirit   .   (no helmet)
rElec    .         Reflect  .   (no cloak)
rCorr    .         Harm     .   j - +0 pair of gloves
MR       +....                  (no boots)
Stlth    ++........             q - amulet of faith
Regen    0.2/turn               n - +3 ring of dexterity
MPRegen  0.2/turn               (no ring)

@: no status effects
A: no food or potions, fire vulnerability, cold resistance 1, negative energy
resistance 3, torment resistance, unbreathing
a: Renounce Religion


You were on level 6 of the Dungeon.
You worshipped Xom.
You were a toy of Xom.
You were not hungry.

You visited 2 branches of the dungeon, and saw 7 of its levels.

You collected 318 gold pieces.

Inventory:

Hand Weapons
 a - a +0 spear of chaos (weapon)
 b - a +3 hunting sling
 k - a +0 war axe
 p - a +0 mace
 u - a +0 hand axe
 y - a +3 war axe
 A - a +1 trident
 B - a +1 dagger of venom
Missiles
 c - 119 stones (quivered)
 l - 90 bolts
 r - 5 curare-tipped needles
 t - 19 sling bullets
Armour
 j - a +0 pair of gloves (worn)
 v - a +3 leather armour (worn)
Jewellery
 n - a +3 ring of dexterity (left hand)
 q - an amulet of faith (around neck)
Scrolls
 d - 3 scrolls of teleportation
 f - a scroll of enchant armour
 g - a scroll of identify
 h - a scroll of fear {unknown}
 m - 2 scrolls of amnesia
 o - 5 scrolls of remove curse
 s - 2 scrolls of enchant weapon
 w - 2 scrolls of fog {unknown}
 x - a scroll of magic mapping {unknown}


   Skills:
 - Level 3.0 Fighting
 + Level 9.2 Polearms
 - Level 1.5 Armour
 - Level 0.7 Dodging
 - Level 3.5 Stealth


You had 7 spell levels left.
You didn't know any spells.

Dungeon Overview and Level Annotations

Branches:
Dungeon (6/15)             Temple (1/1) D:4

Altars:
Ashenzari
Cheibriados
Dithmenos
Elyvilon
Fedhas
Gozag
Hepliaklqana
Kikubaaqudgha
Makhleb
Nemelex Xobeh
Okawaru
Qazlal
Trog
Uskayaw
Vehumet
Wu Jian
Xom
Yredelemnul
Zin
The Shining One

Shops:
D:5 =

Annotations:
D:4 Toogi's ghost, novice HOFi


Innate Abilities, Weirdness & Mutations

You do not eat or drink.
Your flesh is vulnerable to fire.
You are immune to poison.
Your flesh is cold resistant. (rC+)
You are immune to negative energy. (rN+++)
You are immune to unholy pain and torment.
You can survive without breathing.


Message History

The orc warrior is moderately wounded.
You hit the orc warrior but do no damage.
The orc warrior looks as sick as possible!
The orc warrior is heavily wounded.
The orc warrior barely misses you.
Wield which item (- for none, * to show all)? (? for menu, Esc to quit)
Your +1 dagger of venom stops dripping with poison.
Your +0 spear of chaos is briefly surrounded by a scintillating aura of random colours.
a - a +0 spear of chaos (weapon)
The orc warrior hits you with a battleaxe!
* * * LOW HITPOINT WARNING * * *
You barely miss the orc warrior.
The orc warrior is heavily wounded.
You hit the orc warrior but do no damage.
The orc warrior goes berserk!
The orc warrior is severely wounded.
The orc warrior hits you with a battleaxe!!
Ouch! That really hurt!
You die...
Xom roars with laughter!

#... #...... ...............#
.... ......... ...#.#........'
#... ......>.. ..............#
#... ......... .....#........#
#... #.##...##..####
(##...####.#######..####
#.................#..........
'......(((........'..........
....(.....o@.....#..........
#...#########...##>....##'#
#...##.....##...#########..
#................#......#.. o
#................'......'..
#................#......#..
#................#.>....#..
#...###....##...##..##.##..
#######...###....##...######.##..


You could see an orc warrior (berserk).

Vanquished Creatures
  The ghost of kaze the Bolt Thrower, a novice KoHu (D:5)
  A hungry ghost (D:6)
  An ice beast (D:6)
  3 ogres
  A bullfrog (D:6)
  2 scorpions
  A crimson imp (D:5)
  A bullfrog zombie (D:6)
  A centaur zombie (D:5)
  A hound (D:6)
  4 orc priests
  A bullfrog skeleton (D:5)
  Jessica (D:2)
  Terence (D:2)
  Natasha (thrice) (D:3)
  3 orc wizards (D:5)
  A worker ant (D:4)
  A hound skeleton (D:4)
  8 adders
  An ooze (D:5)
  An adder zombie (D:6)
  2 worms
  3 dart slugs
  3 leopard geckos
  9 orcs
  2 ball pythons
  3 giant cockroaches
  3 goblins
  4 hobgoblins
  2 jackals (D:4)
  2 quokkas
  11 bats
  3 frilled lizards
  5 kobolds
  2 leopard gecko skeletons (D:4)
  A leopard gecko zombie (D:5)
  A quokka skeleton (D:5)
  3 rats
97 creatures vanquished.

Vanquished Creatures (collateral kills)
  An ogre (D:4)
  A centaur skeleton (D:4)
2 creatures vanquished.

Vanquished Creatures (others)
  A phantom (D:4)
1 creature vanquished.

Grand Total: 100 creatures vanquished

Notes
Turn   | Place    | Note
-------+----------+-------------------------------------------
     0 | D:1      | Iskender the Mummy Chaos Knight began the quest for the Orb.
     0 | D:1      | Reached XP level 1. HP: 18/18 MP: 1/1
    21 | D:1      | XOM: divination: magic mapping
    38 | D:1      | XOM: divination: detect items
   129 | D:1      | XOM: 1-stop teleportation journey
   258 | D:1      | XOM: scenery: create altars
   323 | D:1      | Reached XP level 2. HP: 24/24 MP: 2/2
   375 | D:1      | Reached skill level 3 in Polearms
   416 | D:1      | XOM: god gift: inky potion {god gift}
   503 | D:1      | XOM: polymorph kobold -> leopard gecko
   794 | D:2      | Noticed Jessica
   824 | D:2      | XOM: potion effect (haste)
   832 | D:2      | XOM: cast spell 'Disjunction'
   845 | D:2      | Reached XP level 3. HP: 27/29 MP: 3/3
   848 | D:2      | Killed Jessica
   945 | D:2      | Reached skill level 1 in Stealth
  1047 | D:2      | XOM: divination: detect creatures
  1055 | D:2      | Noticed Terence
  1060 | D:2      | XOM: enchant monster (good)
  1065 | D:2      | Killed Terence
  1065 | D:2      | Reached skill level 4 in Polearms
  1065 | D:2      | Reached XP level 4. HP: 35/35 MP: 4/4
  1190 | D:3      | Noticed Natasha
  1298 | D:3      | XOM: butterfly on damage
  1399 | D:3      | Reached XP level 5. HP: 33/41 MP: 5/5
  1443 | D:3      | XOM: mild Necr miscast
  1672 | D:3      | Found a basalt altar of Yredelemnul.
  1781 | D:3      | Found an opulent altar of Gozag.
  1840 | D:3      | Found a white marble altar of Elyvilon.
  1905 | D:3      | Reached skill level 5 in Polearms
  1938 | D:3      | Killed Natasha
  1972 | D:2      | Found a radiant altar of Vehumet.
  2155 | D:3      | Noticed Natasha
  2167 | D:3      | Killed Natasha
  2923 | D:3      | Noticed Natasha
  2941 | D:3      | Killed Natasha
  2941 | D:3      | Reached XP level 6. HP: 18/47 MP: 6/6
  2958 | D:3      | XOM: harmless Chrm miscast
  3188 | D:4      | Found a shadowy altar of Dithmenos.
  3216 | D:4      | XOM: cleaving
  3229 | D:4      | XOM: divine lightning
  3243 | D:4      | XOM: potion effect (might)
  3249 | D:4      | Reached skill level 6 in Polearms
  3362 | D:4      | Found a staircase to the Ecumenical Temple.
  3367 | D:4      | XOM: harmless Necr miscast
  3372 | Temple   | Entered the Ecumenical Temple
  3562 | D:4      | Found a bloodstained altar of Trog.
  3741 | D:4      | Found a glowing golden altar of the Shining One.
  3778 | D:4      | Noticed Toogi's ghost (novice HOFi)
  3819 | D:5      | Entered Level 5 of the Dungeon
  3830 | D:5      | Reached XP level 7. HP: 46/52 MP: 7/7
  4010 | D:5      | XOM: cast spell 'Chain of Chaos'
  4044 | D:5      | XOM: stat loss: -1 Dex (16/17)
  4581 | D:5      | Reached skill level 7 in Polearms
  4601 | D:5      | Found Gegastosk's Jewellery Boutique.
  4602 | D:5      | Noticed kaze's ghost (novice KoHu)
  4609 | D:5      | XOM: harmless Fire miscast
  4612 | D:5      | XOM: enchant monster (good)
  4615 | D:5      | XOM: cleaving
  4616 | D:5      | XOM: cast spell 'Discord'
  4652 | D:5      | Killed kaze's ghost
  4652 | D:5      | Reached XP level 8. HP: 48/58 MP: 8/8
  4731 | D:5      | Reached skill level 8 in Polearms
  4989 | D:6      | XOM: confuse monster(s)
  5267 | D:6      | XOM: cast spell 'Metabolic Englaciation'
  5288 | D:6      | XOM: scenery: create altars
  5290 | D:6      | XOM: mild Ice miscast
  5293 | D:6      | Reached skill level 9 in Polearms
  5315 | D:6      | XOM: harmless Chrm miscast
  5324 | D:6      | XOM: butterfly on damage
  5340 | D:6      | XOM: medium Tmut miscast
  5362 | D:6      | XOM: divination: detect creatures
  5433 | D:6      | XOM: god gift: 14 stones
  5654 | D:6      | XOM: polymorph adder -> giant cockroach
  5768 | D:6      | Demolished by an orc warrior

Vault maps used:
D:1:      dpeg_arrival_more_subterranean_lakeside_camping,
          minmay_misc_feat_pillars
D:2:      lemuel_upstairs_altar, uniq_jessica, uniq_terence
D:3:      kennysheep_ying_yang, old_standard_altar, first_bread, uniq_natasha
D:4:      lemuel_coloured_pillars_altar, tso_metal_star, bloody_trog,
          minmay_temple_entry_trees, hangedman_decor_growths
D:5:      serial_shops, shop_fountains, kennysheep_generic_room_12
D:6:      hangedman_decor_riveting
Temple:   dshaligram_water_room_temple

Skill      XL: |  1  2  3  4  5  6  7  8 |
---------------+-------------------------+-----
Polearms       | 3 4 5 6 7 9 |  9.2
Stealth        | 1 3 |  3.5
Fighting       | |  3.0
Armour         | |  1.5
Dodging        | |  0.7

Action                   |  1- 3 |  4- 6 |  7- 9 || total
-------------------------+-------+-------+-------++-------
Melee: Spear             |    93 |   147 |   215 ||   455
       Trident           |       |     5 |    11 ||    16
       Dagger            |       |       |     8 ||     8
Throw: Stone             |     2 |     4 |    25 ||    31
       Throwing net      |       |       |     3 ||     3
  Use: Scroll            |     1 |     5 |     3 ||     9
 Stab: Sleeping          |     2 |     5 |     3 ||    10
       Paralysed         |     2 |       |     4 ||     6
       Distracted        |       |     1 |       ||     1
       Invisible         |       |       |     3 ||     3
       Confused          |       |       |     2 ||     2
Armor: Leather armour    |    27 |    28 |    47 ||   102
Dodge: Dodged            |    33 |    45 |    49 ||   127
